 Dungeon Crawl Stone Soup version 0.21-a0-529-g8c7b3f5 (webtiles) character file.

168 slep the Chopper (level 5, -6/27 HPs)
             Began as a Vine Stalker Gladiator on Dec 10, 2017.
             Mangled by slep's ghost (10 damage)
             ... on level 3 of the Dungeon.
             The game lasted 00:05:20 (1433 turns).

slep the Chopper (Vine Stalker Gladiator)           Turns: 1433, Time: 00:05:21

Health: -6/27      AC:  5    Str: 17    XL:     5   Next: 49%
Magic:  0/6        EV: 15    Int:  8    God:
Gold:   171        SH:  0    Dex: 16    Spells: 4/4 levels left

rFire    . . .     SeeInvis .   s - +2 hand axe (elec)
rCold    . . .     Gourm    .   (no shield)
rNeg     . . .     Faith    .   b - +0 leather armour
rPois    .         Spirit   +   c - +0 helmet
rElec    .         Reflect  .   l - +0 cloak
rCorr    .         Harm     .   (no gloves)
MR       .....                  (no boots)
Stlth    ++........             (no amulet)
HPRegen  0.49/turn              j - +2 ring of evasion
MPRegen  0.10/turn              (no ring)

@: no status effects
A: fangs 2, regeneration 1, magic shield, antimagic bite, no potion heal 3, rot
immunity
a: no special abilities


You were on level 3 of the Dungeon.
You were not hungry.

You visited 1 branch of the dungeon, and saw 3 of its levels.

You collected 171 gold pieces.

Inventory:

Hand Weapons
 a - a +0 war axe
 s - a +2 hand axe of electrocution (weapon)
Missiles
 d - 3 throwing nets (quivered)
 q - 8 javelins
Armour
 b - a +0 leather armour (worn)
 c - a +0 helmet (worn)
 l - a +0 cloak (worn)
Jewellery
 j - a +2 ring of evasion (left hand)
Scrolls
 g - a scroll of enchant armour {unknown}
 k - 6 scrolls of identify {unknown}
 n - a scroll of fear {unknown}
 o - 2 scrolls of noise {unknown}
 t - a scroll of blinking {unknown}
 u - a scroll of remove curse {unknown}
 x - a scroll of teleportation {unknown}
Potions
 e - a potion of magic {unknown}
 h - 2 potions of curing {unknown}
 i - 3 potions of mutation {unknown}
 p - a potion of lignification {unknown}
 r - a potion of brilliance {unknown}
 w - 2 potions of resistance {unknown}
Comestibles
 f - 4 bread rations
 m - a meat ration
 v - a royal jelly


   Skills:
 + Level 2.5 Fighting
 + Level 4.2 Axes
 + Level 1.8 Throwing
 + Level 1.0 Armour
 + Level 2.9 Dodging
 + Level 1.6 Stealth


You had 4 spell levels left.
You didn't know any spells.

Dungeon Overview and Level Annotations

Branches:
Dungeon (3/15)

Altars:

Annotations:
D:3 slep's ghost, amateur DsGl


Innate Abilities, Weirdness & Mutations

You have extremely sharp teeth.
Your natural rate of healing is unusually fast.
When hurt, damage is shared between your health and your magic reserves.
Your bite disrupts and absorbs the magic of your enemies.
Potions cannot restore your health.
You are immune to rotting.


Message History

You bite slep's ghost, but do no damage.
Slep's ghost completely misses you.
You completely miss slep's ghost.
Slep's ghost hits you but does no damage.
You closely miss slep's ghost. Slep's ghost hits you.
You are electrocuted!
Ouch! That really hurt!
You hit slep's ghost.
You bite slep's ghost, but do no damage.
Slep's ghost is lightly damaged.
Slep's ghost closely misses you.
The orc wizard casts a spell.
The orc wizard seems to speed up.
You hit slep's ghost. Lightning courses through slep's ghost!
You bite slep's ghost, but do no damage.
Slep's ghost is heavily damaged.
Slep's ghost hits you!
* * * LOW HITPOINT WARNING * * *
Slep's ghost hits you but does no damage.
You are electrocuted!
You die...

#.#....########.#
# #....# #.#
#....########.###
####.##.........#
#.##.#####.#.#
#.##.# ...#.# #.#
###.#.# #.# ..#.#
#@# #.#.# #
#W#####.#.#
#.##o#.......#
##..oo#.#
#.......#
#......W#
..........)......
..........#o.....
....#######......


You could see an orc priest, an orc wizard, slep's ghost and an orc.

Vanquished Creatures
  An orc wizard (D:3)
  An orc priest (D:3)
  An iguana (D:2)
  An adder (D:2)
  2 oozes (D:2)
  2 dart slugs (D:1)
  3 leopard geckos
  2 orcs (D:3)
  2 giant cockroaches
  6 goblins
  9 hobgoblins
  4 jackals (D:2)
  6 kobolds
  A quokka (D:3)
  A ball python (D:3)
  9 bats
  5 frilled lizards
  5 rats
61 creatures vanquished.

Notes
Turn   | Place    | Note
-------+----------+-------------------------------------------
     0 | D:1      | slep the Vine Stalker Gladiator began the quest for the Orb.
     0 | D:1      | Reached XP level 1. HP: 11/11 MP: 2/2
   224 | D:1      | Reached XP level 2. HP: 9/15 MP: 3/3
   351 | D:1      | Reached skill level 3 in Axes
   779 | D:2      | Reached XP level 3. HP: 18/18 MP: 4/4
   968 | D:2      | Reached skill level 1 in Stealth
   977 | D:2      | Gained mutation: Your natural rate of healing is unusually fast. [Vine Stalker growth]
   977 | D:2      | Reached XP level 4. HP: 5/23 MP: 5/5
  1363 | D:3      | Reached skill level 4 in Axes
  1363 | D:3      | Reached XP level 5. HP: 27/27 MP: 6/6
  1412 | D:3      | Reached skill level 1 in Armour
  1413 | D:3      | Noticed slep's ghost (amateur DsGl)
  1433 | D:3      | Mangled by slep's ghost

Vault maps used:
D:1:      dpeg_arrival_signposts
D:3:      st_stairs_12

Skill      XL: |  1  2  3  4  5 |
---------------+----------------+-----
Fighting       | 2 |  2.5
Axes           | 3 4 |  4.2
Stealth        | 1 |  1.6
Armour         | 1 |  1.0
Throwing       | |  1.8
Dodging        | |  2.9

Action                   |  1- 3 |  4- 6 || total
-------------------------+-------+-------++-------
Melee: War axe           |    93 |    10 ||   103
       Bite              |    22 |     7 ||    29
       Hand axe          |       |    39 ||    39
 Stab: Sleeping          |     2 |     3 ||     5
       Distracted        |       |     1 ||     1
  Eat: Chunk             |       |     2 ||     2
Armor: Leather armour    |    19 |    11 ||    30
Dodge: Dodged            |    87 |    29 ||   116

Table legend:
 A = Spawn XP
 B = Non-spawn XP
 C = Spawn XP percentage of total XP
 D = Spawn monster count
 E = Non-spawn monster count
 F = Spawn count percentage of total count
 G = Total turns spent on level
                    A         B        C        D         E        F      G
               +---------+---------+-------+---------+---------+-------+---------
         Total |       0 |     241 |   0.0 |       0 |      61 |   0.0 |  1433
               +---------+---------+-------+---------+---------+-------+---------
           D:1 |       0 |      33 |   0.0 |       0 |      18 |   0.0 |   776
           D:2 |       0 |      95 |   0.0 |       0 |      25 |   0.0 |   371
           D:3 |       0 |     113 |   0.0 |       0 |      18 |   0.0 |   286
               +---------+---------+-------+---------+---------+-------+---------
